 Dungeon Crawl Stone Soup version 0.21.1-1-g345015f (webtiles) character file.

4154 buskinjo2 the Fighter (level 10, -1/85 HPs)
             Began as a Gnoll Wanderer on Feb 28, 2018.
             Was an Initiate of Gozag.
             Slain by an orc warrior
             ... wielding a +0 hand axe
              (5 damage)
             ... on level 8 of the Dungeon.
             The game lasted 00:17:55 (8825 turns).

buskinjo2 the Fighter (Gnoll Wanderer)              Turns: 8825, Time: 00:17:55

Health: -1/85      AC:  9    Str: 13    XL:     10   Next: 28%
Magic:  17/17      EV: 15    Int: 16    God:    Gozag
Gold:   366        SH:  0    Dex: 18    Spells: 6/19 levels left

rFire    . . .     SeeInvis +   i - +0 short sword (elec)
rCold    . . .     Gourm    .   (no shield)
rNeg     . . .     Faith    .   a - +0 ring mail (curse)
rPois    .         Spirit   .   b - +2 helmet
rElec    .         Reflect  .   (no cloak)
rCorr    .         Harm     .   (no gloves)
MR       .....                  (no boots)
Stlth    +++.......             (no amulet)
HPRegen  0.24/turn              p - ring of see invisible
MPRegen  0.15/turn              (no ring)

@: gold aura
A: distributed training, fangs 1, strong nose
a: Potion Petition, Call Merchant, Bribe Branch, Renounce Religion


You were on level 8 of the Dungeon.
You worshipped Gozag.
Gozag was aware of your devotion.
You were not hungry.

You visited 2 branches of the dungeon, and saw 9 of its levels.

You collected 796 gold pieces.
You spent 384 gold pieces at shops.
You paid 46 gold pieces to Gozag.

Inventory:

Hand Weapons
 g - a cursed -2 hunting sling
 i - a +0 short sword of electrocution (weapon)
 v - the +2 whip "Zamats" {slash, rElec MR+}
   (You took it off an orc on level 4 of the Dungeon)

   It inflicts extra damage upon your enemies.
   It insulates you from electricity.
   It affects your resistance to hostile enchantments.
Missiles
 A - 19 sling bullets
Armour
 a - a cursed +0 ring mail (worn)
 b - a +2 helmet (worn)
 B - the +4 ring mail of Mysticism {rF- rCorr Str+4}
   (You bought it in a shop on level 5 of the Dungeon)

   It affects your strength (+4).
   It makes you vulnerable to fire.
   It protects you from acid and corrosion.
Jewellery
 p - a ring of see invisible (left hand)
Scrolls
 c - a scroll of teleportation
 e - 2 scrolls of enchant armour
 j - a scroll of blinking {unknown}
 t - a scroll of enchant weapon {unknown}
Potions
 d - a potion of mutation {unknown}
 k - 3 potions of flight
 l - 2 potions of agility
 m - a potion of magic {unknown}
 n - a potion of might
 o - 2 potions of curing
 q - a potion of lignification
 s - a potion of invisibility
Books
 r - a book of Flames

   Spells                             Type                      Level
   a - Flame Tongue                   Conjuration/Fire             1
   b - Throw Flame                    Conjuration/Fire             2
   c - Conjure Flame                  Conjuration/Fire             3
   d - Inner Flame                    Hexes/Fire                   3
   e - Sticky Flame                   Conjuration/Fire             4
   f - Fireball                       Conjuration/Fire             5
 z - a book of Air

   Spells                             Type                      Level
   a - Shock                          Conjuration/Air              1
   b - Swiftness                      Charms/Air                   2
   c - Static Discharge               Conjuration/Air              3
   d - Airstrike                      Air                          4
   e - Lightning Bolt                 Conjuration/Air              5
Comestibles
 f - 16 rations


   Skills:
 + Level 9.9 Fighting
 + Level 5.0 Short Blades
 + Level 5.0 Long Blades
 + Level 5.0 Axes
 + Level 5.0 Maces & Flails
 + Level 5.7 Polearms
 + Level 5.0 Staves
 + Level 5.0 Slings
 + Level 5.0 Bows
 + Level 5.0 Crossbows
 + Level 5.0 Throwing
 + Level 5.0 Armour
 + Level 6.9 Dodging
 + Level 5.6 Stealth
 + Level 5.7 Shields
 + Level 5.0 Unarmed Combat
 + Level 5.0 Spellcasting
 + Level 4.1 Conjurations
 + Level 4.1 Hexes
 + Level 4.1 Charms
 + Level 4.1 Summonings
 + Level 4.1 Necromancy
 + Level 4.1 Translocations
 + Level 4.1 Transmutations
 + Level 4.1 Fire Magic
 + Level 4.1 Ice Magic
 + Level 4.1 Air Magic
 + Level 4.1 Earth Magic
 + Level 4.1 Poison Magic
 + Level 5.5 Invocations
 + Level 5.7 Evocations


You had 6 spell levels left.
You knew the following spells:

 Your Spells              Type           Power        Failure   Level  Hunger
a - Shock                 Conj/Air       ###.         5%          1    None
b - Swiftness             Chrm/Air       ###.....     9%          2    #......
c - Static Discharge      Conj/Air       ###.....     16%         3    ###....
d - Airstrike             Air            ###.......   47%         4    ####...
e - Conjure Flame         Conj/Fire      ###.....     16%         3    ###....


Dungeon Overview and Level Annotations

Branches:
Dungeon (8/15)             Temple (1/1) D:4
   Lair: D:8-11

Altars:
Cheibriados
Dithmenos
Elyvilon
Fedhas
Gozag
Makhleb
Nemelex Xobeh
Okawaru
Ru
Sif Muna
Trog
Uskayaw
Vehumet
Wu Jian
Xom
Yredelemnul
Zin

Shops:
D:5 *

Annotations:
D:5 1 exclusion, Sigmund


Innate Abilities, Weirdness & Mutations

Your experience applies equally to all skills.
You have very sharp teeth.
Your uncanny sense of smell can sniff out nearby items.


Message History

The bullfrog barely misses you.
You hit the bullfrog but do no damage.
The bullfrog is moderately wounded.
The bullfrog hits you but does no damage.
The orc warrior closely misses you.
You hit the bullfrog. Lightning courses through the bullfrog!
You kill the bullfrog!
The orc warrior hits you with a hand axe.
* * * LOW HITPOINT WARNING * * *
You see here 5 gold pieces.
You barely miss the orc warrior.
The orc warrior is severely wounded.
You hit the orc warrior but do no damage.
Lightning courses through the orc warrior!
You punch the orc warrior, but do no damage.
Your bite misses the orc warrior.
The orc warrior is almost dead.
The orc warrior hits you with a hand axe.
You die...
Your body crumbles into a pile of gold.

... ##.........# ...
#..........# ...
#..........# #.........# #.
∆ #.........## #. ##
#..........# ##. .##
#.$...>....# #..
.⌠#$########..........#
#..#..###......@o.........#
##....###..#...............#
.###'###..................##
.................).......##
#####.......###........###
#######.#######.....#####
#...#########.....#
###...............#
#############...#


You could see an orc warrior.

Vanquished Creatures
  2 two-headed ogres (D:8)
  Joseph (D:7)
  Prince Ribbit (D:7)
  A spriggan (D:7)
  The ghost of inc the Ducker, an amateur FeEn (D:5)
  A water moccasin (D:5)
  2 sky beasts (D:7)
  3 ogres
  2 centaurs
  4 bullfrogs
  A water moccasin skeleton (D:7)
  4 wights
  A bullfrog zombie (D:7)
  A centaur zombie (D:7)
  A quasit (D:8)
  2 hounds (D:6)
  4 orc priests
  2 orc wizards
  A bullfrog skeleton (D:5)
  3 iguanas
  6 worker ants
  A worker ant zombie (D:7)
  Robin (D:2)
  4 gnolls
  15 adders
  2 oozes (D:2)
  2 adder skeletons
  3 worms
  2 dart slugs
  2 leopard geckos
  13 orcs
  A ball python (D:3)
  3 giant cockroaches
  13 goblins
  7 hobgoblins (D:2)
  11 jackals
  4 quokkas
  6 bats
  4 frilled lizards
  6 kobolds
  2 leopard gecko skeletons
  4 rats (D:2)
150 creatures vanquished.

Notes
Turn   | Place    | Note
-------+----------+-------------------------------------------
     0 | D:1      | buskinjo2 the Gnoll Wanderer began the quest for the Orb.
     0 | D:1      | buskinjo2 set off with: a +2 spear, a potion of lignification, a scroll of teleportation, a +0 robe, a ration
     0 | D:1      | Reached XP level 1. HP: 26/26 MP: 2/2
   145 | D:1      | Reached XP level 2. HP: 33/33 MP: 3/3
   146 | D:1      | You fall through a shaft!
   169 | D:2      | Reached XP level 3. HP: 8/38 MP: 4/4
   665 | D:2      | Found a shadowy altar of Dithmenos.
   665 | D:2      | Noticed Robin
   677 | D:2      | Reached skill level 1 in Invocations
   699 | D:2      | Killed Robin
   699 | D:2      | Reached skill level 1 in Short Blades
   699 | D:2      | Reached skill level 1 in Long Blades
   699 | D:2      | Reached skill level 1 in Axes
   699 | D:2      | Reached skill level 1 in Maces & Flails
   699 | D:2      | Reached skill level 1 in Staves
   699 | D:2      | Reached skill level 1 in Slings
   699 | D:2      | Reached skill level 1 in Bows
   699 | D:2      | Reached skill level 1 in Crossbows
   699 | D:2      | Reached skill level 1 in Throwing
   699 | D:2      | Reached skill level 1 in Armour
   699 | D:2      | Reached skill level 1 in Unarmed Combat
   699 | D:2      | Reached skill level 1 in Spellcasting
   710 | D:2      | Reached XP level 4. HP: 11/45 MP: 6/6
  1037 | D:2      | Reached skill level 1 in Conjurations
  1037 | D:2      | Reached skill level 1 in Hexes
  1037 | D:2      | Reached skill level 1 in Charms
  1037 | D:2      | Reached skill level 1 in Summonings
  1037 | D:2      | Reached skill level 1 in Necromancy
  1037 | D:2      | Reached skill level 1 in Translocations
  1037 | D:2      | Reached skill level 1 in Transmutations
  1037 | D:2      | Reached skill level 1 in Fire Magic
  1037 | D:2      | Reached skill level 1 in Ice Magic
  1037 | D:2      | Reached skill level 1 in Air Magic
  1037 | D:2      | Reached skill level 1 in Earth Magic
  1037 | D:2      | Reached skill level 1 in Poison Magic
  1671 | D:3      | Reached XP level 5. HP: 46/51 MP: 7/7
  2591 | D:4      | Found a blossoming altar of Fedhas.
  2593 | D:4      | Noticed a centaur
  2639 | D:4      | Got a smoking whip {slash}
  2640 | D:4      | Identified the cursed +2 whip "Zamats" {slash, rElec MR+} (You took it off an orc on level 4 of the Dungeon)
  2801 | D:4      | Noticed an ogre
  2821 | D:4      | Killed an ogre
  2821 | D:4      | Reached XP level 6. HP: 37/57 MP: 8/8
  3238 | D:4      | Reached skill level 5 in Dodging
  3295 | D:4      | Found a staircase to the Ecumenical Temple.
  3343 | Temple   | Entered the Ecumenical Temple
  3534 | Temple   | Became a worshipper of Gozag Ym Sagoz the Greedy
  4072 | D:5      | Entered Level 5 of the Dungeon
  4093 | D:5      | Reached XP level 7. HP: 61/63 MP: 10/10
  4142 | D:5      | Noticed Sigmund
  4387 | D:5      | Found Xobaemum's Assorted Antiques.
  4390 | D:5      | Bought a grey potion for 23 gold pieces
  4390 | D:5      | Bought a fuming orange potion for 23 gold pieces
  4947 | D:5      | Noticed inc's ghost (amateur FeEn)
  4956 | D:5      | Killed inc's ghost
  4956 | D:5      | Reached skill level 9 in Fighting
  5151 | D:5      | Bought a polished ring mail for 234 gold pieces
  5162 | D:5      | Identified the +4 ring mail of Mysticism {rF- rCorr Str+4} (You bought it in a shop on level 5 of the Dungeon)
  5243 | D:5      | Reached XP level 8. HP: 44/71 MP: 12/12
  5372 | D:5      | Learned a level 1 spell: Shock
  5375 | D:5      | Learned a level 2 spell: Swiftness
  5379 | D:5      | Learned a level 3 spell: Static Discharge
  5384 | D:5      | Learned a level 4 spell: Airstrike
  6266 | D:5      | Bought a sharpened wooden wand for 104 gold pieces
  6540 | D:6      | Found an iron altar of Okawaru.
  6591 | D:6      | You fall through a shaft!
  6778 | D:7      | Noticed a spriggan baker
  6785 | D:7      | Killed a spriggan baker
  6785 | D:7      | Reached XP level 9. HP: 61/76 MP: 14/14
  6833 | D:7      | Learned a level 3 spell: Conjure Flame
  6937 | D:7      | Noticed Prince Ribbit
  6944 | D:7      | Noticed Joseph
  6955 | D:7      | Killed Joseph
  6963 | D:7      | Killed Prince Ribbit
  7327 | D:7      | Reached skill level 5 in Polearms
  7327 | D:7      | Reached skill level 5 in Shields
  7327 | D:7      | Reached skill level 5 in Evocations
  7776 | D:7      | Reached skill level 5 in Stealth
  7785 | D:7      | Found a snail-covered altar of Cheibriados.
  7785 | D:7      | Found a bloodstained altar of Trog.
  8070 | D:8      | Noticed a two-headed ogre
  8097 | D:8      | Killed a two-headed ogre
  8097 | D:8      | Reached skill level 5 in Invocations
  8097 | D:8      | Reached XP level 10. HP: 21/84 MP: 15/17
  8332 | D:8      | Noticed a deep elf mage
  8332 | D:8      | Noticed a salamander
  8354 | D:8      | Found a shadowy altar of Dithmenos.
  8355 | D:8      | Found a burning altar of Makhleb.
  8355 | D:8      | Found a white marble altar of Elyvilon.
  8355 | D:8      | Found an opulent altar of Gozag.
  8355 | D:8      | Noticed a two-headed ogre
  8361 | D:8      | Noticed a two-headed ogre
  8738 | D:8      | Killed a two-headed ogre
  8738 | D:8      | Reached skill level 5 in Short Blades
  8738 | D:8      | Reached skill level 5 in Long Blades
  8738 | D:8      | Reached skill level 5 in Axes
  8738 | D:8      | Reached skill level 5 in Maces & Flails
  8738 | D:8      | Reached skill level 5 in Staves
  8738 | D:8      | Reached skill level 5 in Slings
  8738 | D:8      | Reached skill level 5 in Bows
  8738 | D:8      | Reached skill level 5 in Crossbows
  8738 | D:8      | Reached skill level 5 in Throwing
  8738 | D:8      | Reached skill level 5 in Armour
  8738 | D:8      | Reached skill level 5 in Unarmed Combat
  8738 | D:8      | Reached skill level 5 in Spellcasting
  8822 | D:8      | HP: 3/85 [orc warrior/hand axe (6)]
  8825 | D:8      | Slain by an orc warrior

Skill      XL: |  1  2  3  4  5  6  7  8  9 10 |
---------------+-------------------------------+-----
Invocations    | 1 2 3 4 5 |  5.5
Short Blades   | 1 2 3 4 5 |  5.0
Long Blades    | 1 2 3 4 5 |  5.0
Axes           | 1 2 3 4 5 |  5.0
Maces & Flails | 1 2 3 4 5 |  5.0
Staves         | 1 2 3 4 5 |  5.0
Slings         | 1 2 3 4 5 |  5.0
Bows           | 1 2 3 4 5 |  5.0
Crossbows      | 1 2 3 4 5 |  5.0
Throwing       | 1 2 3 4 5 |  5.0
Armour         | 1 2 3 4 5 |  5.0
Unarmed Combat | 1 2 3 4 5 |  5.0
Spellcasting   | 1 2 3 4 5 |  5.0
Conjurations   | 1 2 3 4 |  4.1
Hexes          | 1 2 3 4 |  4.1
Charms         | 1 2 3 4 |  4.1
Summonings     | 1 2 3 4 |  4.1
Necromancy     | 1 2 3 4 |  4.1
Translocations | 1 2 3 4 |  4.1
Transmutations | 1 2 3 4 |  4.1
Fire Magic     | 1 2 3 4 |  4.1
Ice Magic      | 1 2 3 4 |  4.1
Air Magic      | 1 2 3 4 |  4.1
Earth Magic    | 1 2 3 4 |  4.1
Poison Magic   | 1 2 3 4 |  4.1
Polearms       | 3 4 5 |  5.7
Shields        | 3 4 5 |  5.7
Evocations     | 3 4 5 |  5.7
Stealth        | 3 4 5 |  5.6
Dodging        | 5 6 |  6.9
Fighting       | 9 |  9.9

Action                   |  1- 3 |  4- 6 |  7- 9 | 10-12 || total
-------------------------+-------+-------+-------+-------++-------
Melee: Spear             |    31 |     9 |       |       ||    40
       Bite              |     8 |    18 |    43 |     4 ||    73
       Punch             |     2 |       |     3 |     2 ||     7
       Short sword       |    62 |   165 |   275 |    43 ||   545
       Whip              |       |       |    34 |       ||    34
 Cast: Shock             |       |       |     5 |       ||     5
Evoke: Wand              |       |       |    13 |     2 ||    15
  Use: Potion            |     3 |       |     3 |       ||     6
       Scroll            |       |     1 |    11 |     1 ||    13
 Stab: Sleeping          |     7 |     9 |     3 |       ||    19
       Invisible         |     6 |     4 |     1 |       ||    11
       Distracted        |       |       |     1 |       ||     1
  Eat: Chunk             |       |     8 |       |       ||     8
       Ration            |       |     1 |     4 |       ||     5
Armor: Robe              |    10 |    19 |       |       ||    29
       Skin              |    22 |     6 |       |       ||    28
       Leather armour    |       |     3 |    31 |       ||    34
       Ring mail         |       |       |    44 |    26 ||    70
Dodge: Dodged            |    44 |   113 |   233 |    69 ||   459
